 Dungeon Crawl Stone Soup version 0.24.0-37-gcf1ca852f1 (webtiles) character file.

Game seed: 5018057553782799838, levelgen mode: deterministic

1187 Iamsoldier the Slinger (level 8, -6/54 HPs)
             Began as a Halfling Hunter on Nov 23, 2019.
             Mangled by an unseen horror (8 damage)
             ... on level 5 of the Dungeon.
             The game lasted 00:25:46 (6137 turns).

Iamsoldier the Slinger (Halfling Hunter)            Turns: 6137, Time: 00:25:47

Health: -6/54      AC:  5    Str: 13    XL:     8   Next: 70%
Magic:  8/8        EV: 20    Int:  9    God:
Gold:   262        SH:  0    Dex: 15    Spells: 7/7 levels left

rFire    . . .     SeeInvis .   b - +9 trident "Yfiah" {elec, +Inv MR+}
rCold    . . .     Gourm    .   (shield currently unavailable)
rNeg     . . .     Faith    .   j - +2 animal skin
rPois    .         Spirit   .   k - +0 helmet
rElec    .         Reflect  .   (no cloak)
rCorr    .         Harm     .   (no gloves)
MR       +....                  (no boots)
Stlth    +++.......             (no amulet)
HPRegen  0.18/turn              u - +2 ring of evasion
MPRegen  0.11/turn              (no ring)

@: no status effects
A: small, clumsy 1, mutation resistance 1
a: Evoke Invisibility


You were on level 5 of the Dungeon.
You were very hungry.

You visited 1 branch of the dungeon, and saw 5 of its levels.
You also visited: Sewer.

You collected 262 gold pieces.

Inventory:

Hand Weapons
 a - a +2 hunting sling
 b - the +9 trident "Yfiah" (weapon) {elec, +Inv MR+}
   (You found it on level 4 of the Dungeon)

   Occasionally, upon striking a foe, it will discharge some electrical energy
   and cause terrible harm.
   It affects your resistance to hostile enchantments.
   It lets you turn invisible.
Missiles
 d - 15 sling bullets
 i - 63 stones (quivered)
Armour
 c - a +2 buckler
 j - a +2 animal skin (worn)
 k - a +0 helmet (worn)
Jewellery
 u - a +2 ring of evasion (left hand)
Wands
 v - a wand of random effects (14)
Scrolls
 e - 4 scrolls of fog
 h - 3 scrolls of identify
 l - 3 scrolls of teleportation
 r - a scroll of remove curse
Potions
 o - 2 potions of might {unknown}
 p - 2 potions of flight {unknown}
 q - 3 potions of brilliance {unknown}
 s - a potion of heal wounds {unknown}
 t - 2 potions of haste
Comestibles
 f - 10 rations
 n - 3 chunks of flesh


   Skills:
 + Level 4.2 Fighting
 + Level 1.5 Polearms
 * Level 10.1 Slings
 + Level 5.2 Dodging
 + Level 5.2 Stealth


You had 7 spell levels left.
You didn't know any spells.
Your spell library was empty.

Dungeon Overview and Level Annotations

Branches:
Dungeon (5/15)              Sewer (visited)
 Temple: D:4-7

Altars:

Annotations:
D:3 2 runed translucent doors, Valentain's ghost, amateur OpSk


Innate Abilities, Weirdness & Mutations

You are small and have problems with some larger weapons.
You are somewhat resistant to further mutation.
You are clumsy. (Dex -2)


Message History

Something hits you but does no damage. Something hits you.
* * * LOW HITPOINT WARNING * * *
Something hits you but does no damage. Something hits you!
* * * LOW HITPOINT WARNING * * *
There is an open translucent door, spattered with blood here.
You closely miss something. Something barely misses you.
You feel better. Something barely misses you. Something hits you.
* * * LOW HITPOINT WARNING * * *
You see here 2 chunks of flesh.
You feel better. Something hits you but does no damage. Something hits you!
* * * LOW HITPOINT WARNING * * *
As you read the scroll of fear, it crumbles to dust.
You assume a fearsome visage.
You see here 7 gold pieces.
Something barely misses you.
You see here a chunk of flesh.
Something hits you!
You die...

+........#### #.#
#......### #.# #......#
#.#
#######......########.#
#.....................#
#.....................#
#.###'#.####..........#
#.####### #..........#
#...#%@%# #..........#
#...'.?:#############.#
#.#.#.%.#........# #.#
#.#######......#.# #.#
..# #..)..)....# #.# .#.#
#.#####).#.# #.#
..#.#####'#####..#.####.#
..
#.#.................#.#
...
..+.......###.......#.#


There were no monsters in sight!

Vanquished Creatures
  The ghost of Setanta the Covert, a novice GnAs (D:5)
  Grinder (D:4)
  A phantom (D:4)
  A bullfrog (D:4)
  A howler monkey (D:4)
  An orc priest (D:5)
  A hound (D:5)
  4 orc wizards
  A worker ant (D:5)
  Robin (D:1)
  13 adders
  2 oozes
  An adder skeleton (D:5)
  5 dart slugs
  6 worms
  3 leopard geckos
  13 orcs
  7 ball pythons
  5 giant cockroaches
  17 goblins
  10 hobgoblins
  11 jackals
  A quokka (D:2)
  3 bats
  10 frilled lizards
  8 kobolds
  13 rats
141 creatures vanquished.

Notes
Turn   | Place    | Note
-------+----------+-------------------------------------------
     0 | D:1      | Iamsoldier the Halfling Hunter began the quest for the Orb.
     0 | D:1      | Reached XP level 1. HP: 14/14 MP: 1/1
    90 | D:1      | Reached skill level 6 in Slings
    94 | D:1      | Reached XP level 2. HP: 19/19 MP: 2/2
   149 | D:1      | Reached XP level 3. HP: 19/24 MP: 3/3
   984 | D:2      | Noticed Robin
   996 | D:2      | Reached XP level 4. HP: 23/29 MP: 4/4
  1019 | D:1      | Killed Robin
  1437 | D:2      | Reached XP level 5. HP: 35/35 MP: 5/5
  1667 | D:2      | Reached skill level 7 in Slings
  2759 | D:3      | Reached XP level 6. HP: 41/41 MP: 6/6
  3873 | D:3      | Found a large runed translucent door.
  3874 | D:3      | Found a large runed translucent door.
  3874 | D:3      | Noticed Valentain's ghost (amateur OpSk)
  4052 | D:4      | Gained mutation: You are occasionally teleported next to
                  | monsters. [potion of mutation]
  4053 | D:4      | Lost mutation: You are occasionally teleported next to
                  | monsters. [potion of mutation]
  4053 | D:4      | Gained mutation: You are clumsy. (Dex -2) [potion of
                  | mutation]
  4084 | D:4      | Noticed Grinder
  4085 | D:4      | Noticed a phantom
  4085 | D:4      | Paralysed by Grinder for 3 turns
  4106 | D:4      | Killed Grinder
  4106 | D:4      | Reached skill level 8 in Slings
  4106 | D:4      | Reached XP level 7. HP: 25/46 MP: 7/7
  4369 | D:4      | Found a glowing drain.
  4373 | Sewer    | Entered a sewer
  4588 | Sewer    | Reached skill level 9 in Slings
  4820 | D:4      | Got a crystal trident
  4820 | D:4      | Identified the +9 trident "Yfiah" {elec, +Inv MR+} (You
                  | found it on level 4 of the Dungeon)
  5567 | D:5      | Entered Level 5 of the Dungeon
  5577 | D:5      | Reached XP level 8. HP: 52/54 MP: 8/8
  6110 | D:5      | Found a runed translucent door.
  6110 | D:5      | Noticed Setanta's ghost (novice GnAs)
  6118 | D:5      | Killed Setanta's ghost
  6118 | D:5      | Reached skill level 1 in Polearms
  6118 | D:5      | Reached skill level 10 in Slings
  6118 | D:5      | Reached skill level 5 in Dodging
  6118 | D:5      | Reached skill level 5 in Stealth
  6129 | D:5      | HP: 2/54 [something (11)]
  6137 | D:5      | Mangled by an unseen horror

Levels and vault maps discovered:
D:1:      scummos_arrival_hexagon, layout_loops_ring
D:2:      minmay_alternating_diamond, layout_basic, serial_rivers,
          chequers_serial_rivers_micro_a, chequers_serial_rivers_small_3,
          chequers_serial_rivers_small_b, chequers_serial_rivers_micro_a,
          uniq_robin
D:3:      layout_basic, ebering_ghost_disaster_area, minmay_door_square
D:4:      layout_layer_cave, first_ration, portal_sewer_entry_e, uniq_grinder
D:5:      layout_basic, ebering_ghost_inner_flame, okawaru_altar_gauntlet_db

Skill      XL: |  1  2  3  4  5  6  7  8 |
---------------+-------------------------+-----
Slings         | 6 7 8 9 10 | 10.1
Fighting       | 2 3 4 |  4.2
Stealth        | 2 3 4 5 |  5.2
Dodging        | 3 4 5 |  5.2
Polearms       | 1 |  1.5

Action                   |  1- 3 |  4- 6 |  7- 9 || total
-------------------------+-------+-------+-------++-------
Melee: Trident           |       |       |    28 ||    28
 Fire: Hunting sling     |    85 |   328 |   116 ||   529
 Abil: Evoke Invisibilit |       |       |     1 ||     1
  Use: Scroll            |       |     8 |     2 ||    10
       Potion            |       |     2 |     3 ||     5
  Eat: Chunk             |       |     9 |     6 ||    15
Armor: Leather armour    |     5 |     1 |       ||     6
       Animal skin       |       |    31 |    18 ||    49
Dodge: Dodged            |    30 |   113 |    58 ||   201
